 Dungeon Crawl Stone Soup version 0.30-a0-996-ga6910c8ee8 (webtiles) character file.

Game seed: 17040551884748581280

634 DeathPants the Sneak (level 7, -3/37 HPs)
             Began as a Vine Stalker Brigand on Apr 4, 2023.
             Slain by a hobgoblin (5 damage)
             ... on level 4 of the Dungeon.
             The game lasted 00:15:02 (3370 turns).

DeathPants the Sneak (Vine Stalker Brigand)         Turns: 3370, Time: 00:15:02

Health: -3/37      AC: -9    Str: 14    XL:     7   Next: 49%
Magic:  0/17       EV: 13    Int: 13    God:
Gold:   266        SH:  0    Dex: 15    Spells: 3/6 levels left

rFire   . . .      SeeInvis .    b - +1 short sword (drain)
rCold   . . .      Faith    .    (no shield)
rNeg    . . .      Spirit   +    o - +0 robe
rPois   .          Reflect  .    (no helmet)
rElec   .          Rampage  .    c - +0 cloak
rCorr   .                        (no gloves)
Will    .....                    (no boots)
Stlth   ++++                     (no amulet)
HPRegen 1.06/turn                u - ring of magical power
MPRegen 0.15/turn                (no ring)

@: mighty, corroded
A: fangs 2, regeneration 1, magic shield, antimagic bite, no potion heal 2
a: no special abilities


You were on level 4 of the Dungeon.
You visited 1 branch of the dungeon, and saw 6 of its levels.

You collected 266 gold pieces.

Inventory:

Hand Weapons
 a - a +2 dagger
 b - a +1 short sword of draining (weapon)
 j - a +0 rapier
Missiles
 d - 8 poisoned darts (quivered)
 g - 12 boomerangs
 i - 3 curare-tipped darts
Armour
 c - a +0 cloak (worn)
 o - a +0 robe (worn)
Jewellery
 u - a ring of magical power (left hand)
 w - a +5 ring of evasion
Wands
 r - a wand of quicksilver (5)
 v - a wand of iceblast (10)
Potions
 e - a potion of lignification
 f - a potion of curing
 h - a potion of mutation
 k - 2 potions of resistance
 m - a potion of haste
 q - a potion of flight {unknown}
 t - 2 potions of ambrosia {unknown}


   Skills:
 + Level 3.8 Fighting
 + Level 4.0 Short Blades
 - Level 1.7 Throwing
 + Level 3.2 Dodging
 + Level 7.0 Stealth


You had 3 spell levels left.
You knew the following spells:

 Your Spells              Type           Power      Damage    Failure   Level
a - Confusing Touch       Hex            0%         N/A       67%         3

Your spell library contained the following spells:

 Spells                   Type           Power      Damage    Failure   Level
 Kiss of Death            Conj/Necr      0%         2d5       30%         1
 Scorch                   Fire           0%         2d5       43%         2
 Dispel Undead            Necr           0%         3d6       97%         4
 Flame Wave               Conj/Fire      0%         2d4       97%         4
 Summon Cactus Giant      Summ           0%         N/A       100%        6


Dungeon Overview and Level Annotations

Branches:
Dungeon (6/15)
 Temple: D:4-7

Altars:
Cheibriados


Innate Abilities, Weirdness & Mutations

You have extremely sharp teeth.
Your natural rate of healing is unusually fast.
When hurt, damage is shared between your health and your magic reserves.
Your bite disrupts and absorbs the magic of your enemies.
Potions cannot restore your health.


Message History

The gnoll is almost dead.
The gnoll misses you. The jelly hits you. The acid corrodes you!
You are splashed with acid!
You hit the gnoll but do no damage. You drain the gnoll.
You kill the gnoll!
The jelly closely misses you.
Your Short Blades skill increases to level 4!
The orc barely misses you. The jelly hits you. The acid corrodes you!
You are splashed with acid!
You see here a +0 club.
You barely miss the jelly. You bite the jelly, but do no damage.
The orc hits you with a +0 dagger. The jelly hits you.
You are splashed with acid!
You hit the jelly.
Your hands burn!
You bite the jelly, but do no damage.
The jelly is lightly wounded.
You hit the jelly but do no damage.
Your hands burn!
* * * LOW HITPOINT WARNING * * *
You punch the jelly. You bite the jelly, but do no damage.
The jelly is lightly wounded.
The orc hits you with a +0 dagger.
* * * LOW HITPOINT WARNING * * *
The jelly closely misses you.
You hit the jelly but do no damage.
Your hands burn!
* * * LOW HITPOINT WARNING * * *
You bite the jelly. You drain its power.
You feel invigorated.
The jelly is moderately wounded.
The orc closely misses you. The jelly hits you.
* * * LOW HITPOINT WARNING * * *
You are splashed with acid!
* * * LOW HITPOINT WARNING * * *
You aren't carrying any scrolls.
You feel very mighty all of a sudden. The hobgoblin misses you.
The jelly closely misses you. The orc hits you with a +0 dagger.
* * * LOW HITPOINT WARNING * * *
You hit the jelly. You drain the jelly. The acid corrodes you!
Your hands burn!
You bite the jelly.
You kill the jelly!
The hobgoblin hits you.
You die...

#......#####....).......
#.....$..###........(...
##..[...................
#......................
###......................
#......................#.
........^.>..........###
..#......#......)....#
..#......##.....@....#
...............og....+
....#................#
....##...............#
.)...................#
##....#####...........#
.##....# #............#
..#.....###............
....#....


You could see an orc and a hobgoblin.

Vanquished Creatures
  A sky beast (D:4)
  An ice beast (D:5)
  A jelly (D:4)
  An orc priest (D:3)
  A hound (D:5)
  An iguana (D:4)
  Jessica (D:2)
  An orc wizard (D:4)
  A sleepcap (D:4)
  11 adders
  3 gnolls (D:4)
  5 worms
  4 dart slugs
  12 orcs
  7 bats
  5 endoplasms
  3 giant cockroaches
  7 goblins
  7 hobgoblins
  4 jackals
  12 kobolds
  6 quokkas
  9 ball pythons
  7 frilled lizards
  6 rats
117 creatures vanquished.

Vanquished Creatures (others)
  An orc wizard (D:3)
1 creature vanquished.

Grand Total: 118 creatures vanquished

Notes
Turn   | Place    | Note
-------+----------+-------------------------------------------
     0 | D:1      | DeathPants the Vine Stalker Brigand began the quest for the
                  | Orb.
     0 | D:1      | Reached XP level 1. HP: 11/11 MP: 2/2
    66 | D:1      | Found a faded altar of an unknown god.
    72 | D:1      | Reached skill level 1 in Dodging
    86 | D:1      | Reached XP level 2. HP: 13/15 MP: 3/3
    91 | D:1      | Reached skill level 5 in Stealth
   408 | D:1      | Reached XP level 3. HP: 11/18 MP: 2/4
  1166 | D:2      | Gained mutation: Your natural rate of healing is unusually
                  | fast. [Vine Stalker growth]
  1166 | D:2      | Reached XP level 4. HP: 12/23 MP: 5/5
  1518 | D:2      | Reached XP level 5. HP: 22/27 MP: 6/6
  1552 | D:2      | Noticed Jessica
  1563 | D:2      | Killed Jessica
  1727 | D:2      | Identified the +1 pair of gloves of the Barnacle {Will-
                  | Str+4 Int+5}
  2047 | D:3      | Learned a level 3 spell: Confusing Touch
  2073 | D:3      | Reached skill level 6 in Stealth
  2263 | D:3      | You fall into a shaft and drop 3 floors!
  2270 | D:6      | Noticed a sky beast
  2312 | D:5      | Entered Level 5 of the Dungeon
  2312 | D:5      | Noticed an ice beast
  2312 | D:5      | Found a snail-covered altar of Cheibriados.
  2363 | D:5      | Killed an ice beast
  2364 | D:5      | Reached XP level 6. HP: 32/32 MP: 4/7
  2538 | D:4      | Noticed a sky beast
  3152 | D:4      | Reached XP level 7. HP: 30/36 MP: 8/8
  3340 | D:4      | Reached skill level 7 in Stealth
  3368 | D:4      | HP: 1/37 [acid (5)]
  3370 | D:4      | Slain by a hobgoblin

Illustrated notes

Levels and vault maps discovered:
D:1:      doesnt_arrival_eight_statues, layout_basic,
          nicolae_ecumenical_lake_church, nicolae_titane
D:2:      layout_loops_cross, uniq_jessica
D:3:      layout_rooms, serial_curves, eino_curves_04, eino_curves_02,
          eino_curves_01, eino_curves_04, dk_vineyard_3, minmay_joined_circles
D:4:      layout_cave_pools, serial_shops, shop, chequers_serial_rivers_room_b,
          minmay_close_crescents
D:5:      layout_rooms, lemuel_crystal_altar, temple_statues,
          minmay_misc_feat_iff, uniq_eustachio, uniq_sigmund
D:6:      layout_loops_ring, serial_shops, nicolae_shop_hallway_plus

Skill      XL: |  1  2  3  4  5  6  7 |
---------------+----------------------+-----
Dodging        | 1 2 3 |  3.2
Fighting       | 2 3 |  3.8
Short Blades   | 2 3 4 |  4.0
Stealth        | 5 6 7 |  7.0
Throwing       | |  1.7

Action                     |  1- 3 |  4- 6 |  7- 9 || total
---------------------------+-------+-------+-------++-------
  Melee: Dagger            |   104 |    91 |       ||   195
         Bite              |    16 |    40 |    20 ||    76
         Punch             |     1 |     3 |     2 ||     6
         Short sword       |       |    86 |    47 ||   133
  Throw: Dart              |       |    12 |     1 ||    13
  Evoke: Wand              |       |     2 |       ||     2
    Use: Scroll            |       |     9 |       ||     9
         Potion            |       |     1 |     1 ||     2
   Stab: Sleeping          |    15 |    11 |       ||    26
 Armour: Robe              |    21 |    32 |     6 ||    59
  Dodge: Dodged            |    60 |   101 |    35 ||   196

Table legend: (Time is in decaauts)
 A = Elapsed time spent in this place.
 B = Non-inter-level travel time spent in this place.
 C = Inter-level travel time spent in this place.
 D = Time resting spent in this place.
 E = Time spent auto-exploring this place.
 F = Levels seen in this place.
 G = Mean time per level.
                   A        B        C        D        E       F      G
               +--------+--------+--------+--------+--------+-----+--------+
         Total |   3312 |   3205 |    107 |    235 |   1816 |   6 |  552.0 |
       Dungeon |   3312 |   3205 |    107 |    235 |   1816 |   6 |  552.0 |
               +--------+--------+--------+--------+--------+-----+--------+

Top non-repeatable levels by time:
     D:3: 1030 daAuts
     D:2: 904 daAuts
     D:1: 896 daAuts
     D:4: 237 daAuts
     D:5: 185 daAuts
     D:6: 57 daAuts
